Map: Deathaura LE

Players

Serral

  • Race: Zerg Zerg
  • League: Master
  • Spawn Location: 11:00

LiquidClem (Clem) - Winner!

  • Race: Terran Terran
  • League: Grandmaster
  • Spawn Location: 5:00

Event: DreamHack SC2 Masters 2020 Winter

VOD

Have the link to the VOD?

Description

Time

  • Played on: Nov. 8, 2020, 1:43 p.m.
  • Length: 9:28

All games in this series

Show
View Real Time Build Order
Export as new Build Order

Serral Zerg 

Build Orders: Hatch First, Muta Ling Bane 

Get SALT Encoding   

  12  0:00  Drone  
  13  0:11  Overlord  
  13  0:16  Drone  
  14  0:30  Drone x2  
  16  0:47  Hatchery  
  15  0:50  Drone  
  15  0:54  Drone  
  17  0:57  Drone  
  18  1:08  Extractor  
  17  1:13  Spawning Pool  
  17  1:16  Drone  
  17  1:19  Drone  
  18  1:27  Drone  
  19  1:38  Drone  
  20  1:48  Drone  
  21  1:59  Queen x2  
  21  2:00  Zergling x4  
  27  2:10  Overlord  
  27  2:11  Drone, Metabolic Boost  
  28  2:27  Hatchery  
  27  2:31  Drone  
  27  2:33  Drone  
  27  2:35  Drone  
  30  2:37  Drone  
  31  2:44  Queen  
  31  2:49  Overlord  
  33  2:53  Drone  
  33  2:55  Drone  
  33  2:58  Drone  
  36  3:09  Overlord, Drone x3  
  36  3:10  Drone  
  40  3:16  Drone  
  40  3:17  Drone  
  42  3:20  Queen  
  44  3:27  Queen  
  44  3:30  Overlord  
  46  3:35  Drone  
  46  3:37  Drone  
  46  3:39  Drone x2  
  46  3:40  Queen  
  52  3:44  Drone x2  
  52  3:46  Drone  
  52  3:48  Drone  
  56  3:51  Drone x2  
  58  3:56  Queen  
  58  4:00  Zergling x2  
  58  4:01  Overlord  
  61  4:02  Overlord  
  61  4:07  Lair  
  61  4:10  Drone  
  61  4:11  Drone, Extractor  
  61  4:15  Zergling x6  
  65  4:21  Baneling Nest  
  65  4:22  Queen  
  65  4:24  Drone x2  
  68  4:29  Zergling x2  
  68  4:30  Drone x3  
  72  4:35  Overlord  
  72  4:37  Zergling x2  
  73  4:38  Drone  
  73  4:44  Overlord  
  73  4:47  Spore Crawler  
  73  4:48  Drone x2, Extractor  
  73  4:54  Overlord  
  73  4:55  Overlord  
  68  5:07  Zergling x4  
  68  5:08  Zergling x2  
  68  5:09  Queen  
  68  5:10  Zergling x2  
  68  5:11  Zergling x2  
  68  5:13  Queen  
  70  5:14  Zergling x6  
  70  5:15  Zergling x4  
  70  5:16  Zergling x4  
  70  5:18  Queen  
  70  5:20  Zergling x4  
  69  5:23  Zergling x4  
  69  5:26  Baneling x3  
  69  5:28  Baneling  
  63  5:33  Drone x2  
  63  5:34  Drone  
  62  5:36  Drone  
  62  5:39  Drone  
  60  5:46  Drone x2  
  57  5:54  Drone x2  
  57  5:55  Drone  
  58  6:00  Drone  
  59  6:05  Drone x2  
  59  6:09  Drone  
  58  6:14  Drone x2  
  60  6:18  Drone x3  
  60  6:19  Spire  
  60  6:20  Extractor  
  60  6:22  Drone  
  60  6:23  Drone x3  
  65  6:27  Overseer  
  65  6:28  Drone x2  
  67  6:35  Drone x2  
  67  6:39  Drone  
  70  6:45  Drone  
  70  6:46  Drone  
  71  6:51  Overlord, Centrifical Hooks  
  72  6:54  Drone x2  
  72  6:55  Drone  
  72  6:57  Extractor  
  72  6:58  Extractor  
  72  6:59  Drone x6  
  78  7:02  Overlord  
  78  7:04  Drone  
  78  7:05  Drone  
  80  7:09  Zergling x2  
  80  7:11  Overlord  
  81  7:16  Zergling x2  
  81  7:31  Mutalisk x7  
  81  7:33  Mutalisk  
  81  7:34  Hatchery  
  81  7:36  Baneling x5  
  96  7:37  Baneling  
  96  7:38  Baneling  
  96  7:42  Zergling x10  
  100  7:45  Overseer, Baneling x2  
  100  7:51  Zergling x8  
  100  7:54  Mutalisk x2  
  100  7:56  Zergling x4  
  107  8:10  Zergling x16  
  114  8:19  Mutalisk  
  101  8:20  Mutalisk  
  101  8:24  Mutalisk x2, Baneling x4  
  109  8:27  Zergling x4  
  111  8:37  Evolution Chamber  
  111  8:38  Evolution Chamber  
  107  8:42  Zergling x10  
  107  8:43  Pneumatized Carapace, Overseer  
  107  8:46  Baneling x6  
  107  8:47  Queen  
  114  8:54  Zergling x2  
  114  8:55  Zergling x20  
  124  8:56  Baneling  
  124  8:57  Baneling x5  
  120  9:05  Zergling x2  
  120  9:06  Zergling x4  
  120  9:08  Zergling x8  
Show
View Real Time Build Order
Export as new Build Order

LiquidClem Terran - Winner!

Build Orders: Hellion Opening 

Get SALT Encoding   

  12  0:00  SCV  
  13  0:12  SCV  
  14  0:17  Supply Depot  
  14  0:24  SCV  
  15  0:38  SCV, Barracks  
  15  0:42  Refinery  
  16  0:50  SCV  
  17  1:02  SCV  
  18  1:14  SCV  
  20  1:25  Reaper  
  20  1:26  Orbital Command  
  20  1:38  Command Center  
  20  1:46  Supply Depot  
  20  1:52  SCV  
  21  1:57  Marine  
  22  2:05  SCV  
  23  2:11  Factory  
  23  2:16  Refinery  
  23  2:17  SCV  
  23  2:19  Barracks Reactor  
  24  2:29  SCV  
  25  2:41  SCV  
  26  2:49  Orbital Command  
  26  2:53  SCV  
  26  2:57  Starport  
  27  3:01  Hellion x2, Barracks Tech Lab  
  27  3:05  SCV  
  32  3:15  SCV  
  32  3:19  SCV  
  34  3:20  Marauder  
  34  3:23  Hellion x2  
  40  3:30  SCV  
  40  3:31  SCV, Supply Depot  
  40  3:33  Viking  
  44  3:41  Supply Depot  
  44  3:42  SCV  
  44  3:43  SCV  
  46  3:49  Concussive Shells  
  46  3:53  Hellion x2, Marauder  
  52  4:03  Medivac  
  52  4:04  SCV x2  
  52  4:08  Supply Depot  
  56  4:10  Armory  
  56  4:14  Hellion, Marauder  
  60  4:17  Hellion  
  62  4:29  SCV x2  
  64  4:31  Supply Depot  
  64  4:38  Liberator  
  67  4:41  SCV, Hellion  
  70  4:45  Supply Depot  
  70  4:53  SCV, Hellion  
  70  4:55  Stimpack  
  70  4:56  Marine  
  70  4:57  Command Center  
  70  4:58  SCV  
  74  5:07  SCV  
  71  5:14  Marine  
  71  5:16  Barracks x2  
  71  5:18  SCV  
  73  5:24  Liberator  
  73  5:27  Hellion x2  
  77  5:29  Supply Depot  
  77  5:34  SCV  
  79  5:35  SCV  
  79  5:36  Refinery x2  
  79  5:39  Marine  
  76  5:48  SCV  
  63  5:50  SCV  
  63  5:52  Barracks  
  63  5:53  Barracks  
  63  5:56  Marine  
  64  6:00  SCV  
  64  6:03  SCV  
  65  6:05  Barracks Reactor  
  61  6:11  Starport Reactor, Orbital Command  
  61  6:12  SCV, Factory Reactor  
  61  6:14  Marine  
  61  6:16  SCV, Engineering Bay  
  61  6:17  Engineering Bay, Marine  
  65  6:26  SCV  
  65  6:27  Marine  
  65  6:29  Orbital Command  
  65  6:32  Marine  
  68  6:35  Combat Shield, Marine  
  68  6:38  Barracks  
  68  6:39  Barracks  
  69  6:42  SCV  
  69  6:43  SCV, Marine  
  69  6:45  Barracks Reactor, Marine x2  
  74  6:51  Hellion x2  
  74  6:52  Medivac x2  
  74  6:54  SCV  
  83  6:56  Marine x2  
  83  7:00  Barracks Reactor, Terran Infantry Weapons Level 1  
  85  7:02  Terran Infantry Armor Level 1  
  85  7:03  SCV  
  85  7:08  Marine  
  87  7:09  SCV, Barracks  
  88  7:16  Marine x2  
  88  7:17  Widow Mine x2  
  88  7:19  SCV x2, Supply Depot  
  88  7:20  Marine  
  97  7:23  Marine  
  97  7:24  SCV  
  97  7:26  Barracks Reactor x2  
  97  7:29  Marine x2  
  101  7:30  Supply Depot  
  101  7:31  SCV x2  
  101  7:35  Medivac x2  
  101  7:36  Marine  
  108  7:39  SCV  
  108  7:41  Supply Depot, Widow Mine  
  111  7:46  Marine x2  
  111  7:50  SCV x2  
  111  7:51  Supply Depot, Marine x2  
  117  7:52  Marine x2  
  117  7:55  Widow Mine, Marine  
  122  8:04  Marine  
  120  8:07  Barracks Reactor  
  120  8:08  Marine x2  
  120  8:09  Marine  
  120  8:10  Marine  
  120  8:11  Marine x3  
  122  8:14  Marine x3  
  122  8:16  Medivac x2, Widow Mine, Marine x2  
  116  8:21  Widow Mine  
  116  8:22  Marine  
  116  8:26  Marine x2  
  121  8:28  Marine  
  121  8:31  Command Center  
  121  8:32  Marine x4  
  125  8:37  Marine x4  
  125  8:40  Supply Depot  
  127  8:43  Widow Mine  
  127  8:44  Marine  
  127  8:45  Marine x2  
  127  8:46  Medivac x2  
  136  8:57  Widow Mine  
  136  9:02  Marine  
  137  9:03  Marine  
  137  9:07  Marine  
  137  9:08  Marine x2  
Tags
 
Add a new tag
Caveats
  • Supply blocks, unpowered buildings, or Contaminate may cause inaccurate times.
  • Supply counts are checked every 10 seconds.